| TOP OF THE 1ST |
|
Washington State University Cougars batting - Pitching for Oklahoma State University Cowboys : LHP Zach Richards
|
|
Pitching: LHP Zach Richards
|
|
|
Batting: RHB Rafael Collyer
|
0-0: Called Strike 0-1: Fly out, F8 (Flyball, 78D, EV 99.4 MPH)
|
|
Batting: LHB Israel Ariza
|
0-0: Swinging Strike 0-1: Fly out, F8 (Flyball, 78XD, EV 94.4 MPH)
|
|
Batting: SHB Juan Delanoval
|
0-0: Called Strike 0-1: Ball 1-1: Fly out, F4 (Popup, 4, EV 62.5 MPH)
|
| Top of the 1st over - 0 runs, 0 hits, 0 errors, 0 left on base; Washington State University 0 - Oklahoma State University 0 |
| BOTTOM OF THE 1ST |
|
Oklahoma State University Cowboys batting - Pitching for Washington State University Cougars : RHP Evan Carpenter
|
|
Pitching: RHP Evan Carpenter
|
|
|
Batting: RHB Simon Gravitt
|
0-0: Fly out, F5 (Popup, 5SF, EV 78.1 MPH)
|
|
Batting: RHB Jon Guzman
|
0-0: Ball 1-0: Ball 2-0: Ball 3-0: Base on Balls
|
|
Batting: LHB Kyle David
|
0-0: Foul Ball, location: 2F 0-1: Ball 1-1: Ball 2-1: Hit by Pitch Jon Guzman to second
|
|
Batting: RHB Magnus Laursen
|
0-0: Swinging Strike 0-1: Ball 1-1: Ball 2-1: DOUBLE (Flyball, 8RXD, EV 99.4 MPH) Jon Guzman scores Kyle David to third
|
|
Batting: LHB Cory Rohr
|
0-0: Foul Ball, location: 2F 0-1: Foul Ball, location: 2F 0-2: Ball 1-2: Strikes out swinging
|
|
Batting: RHB Rory Cardosi
|
0-0: Ground out 5-3 (Groundball, 56S, EV 80.0 MPH)
|
| Bottom of the 1st over - 1 run, 1 hit, 0 errors, 2 left on base; Washington State University 0 - Oklahoma State University 1 |
| TOP OF THE 2ND |
|
Washington State University Cougars batting - Pitching for Oklahoma State University Cowboys : LHP Zach Richards
|
|
Batting: RHB Mas Langat
|
0-0: Fly out, F8 (Flyball, 8RD, EV 101.9 MPH)
|
|
Batting: LHB Scott Spillers
|
0-0: Ball 1-0: Fly out, F7 (Flyball, 78S, EV 82.5 MPH)
|
|
Batting: RHB Ryan Toth
|
0-0: Foul Ball, location: 2F 0-1: Swinging Strike 0-2: DOUBLE (Line Drive, 78D, EV 115.0 MPH)
|
|
Batting: LHB Rex Creswell
|
0-0: Fly out, F5 (Popup, 5SF, EV 71.9 MPH)
|
| Top of the 2nd over - 0 runs, 1 hit, 0 errors, 1 left on base; Washington State University 0 - Oklahoma State University 1 |
| BOTTOM OF THE 2ND |
|
Oklahoma State University Cowboys batting - Pitching for Washington State University Cougars : RHP Evan Carpenter
|
|
Batting: RHB Jose Lopez
|
0-0: Foul Ball, location: 2F 0-1: Ball 1-1: Called Strike 1-2: Ball 2-2: Fly out, F8 (Flyball, 89XD, EV 89.4 MPH)
|
|
Batting: RHB Frederik Koster
|
0-0: Ground out 6-3 (Groundball, 56, EV 88.8 MPH)
|
|
Batting: RHB Tae-seon Kim
|
0-0: Ball 1-0: Ball 2-0: Ball 3-0: Called Strike 3-1: Base on Balls
|
|
Batting: RHB Simon Gravitt
|
0-0: Swinging Strike 0-1: Foul Ball, location: 2F 0-2: Ball 1-2: Ball 2-2: Foul Ball, location: 2F 2-2: SINGLE (Line Drive, 8LS, EV 109.4 MPH) Tae-seon Kim to second
|
|
Batting: RHB Jon Guzman
|
0-0: Called Strike 0-1: Swinging Strike 0-2: Ball 1-2: Strikes out swinging
|
| Bottom of the 2nd over - 0 runs, 1 hit, 0 errors, 2 left on base; Washington State University 0 - Oklahoma State University 1 |
| TOP OF THE 3RD |
|
Washington State University Cougars batting - Pitching for Oklahoma State University Cowboys : LHP Zach Richards
|
|
Batting: RHB Wambua Ewansiha
|
0-0: Swinging Strike 0-1: Called Strike 0-2: Ball 1-2: Strikes out swinging
|
|
Batting: LHB Willy Berrios
|
0-0: Ball 1-0: Called Strike 1-1: Foul Ball, location: 2F 1-2: Strikes out swinging
|
|
Batting: RHB Rafael Collyer
|
0-0: Called Strike 0-1: Foul Ball, location: 2F 0-2: Ball 1-2: Foul Ball, location: 2F 1-2: Foul Ball, location: 2F 1-2: Foul Ball, location: 2F 1-2: Ball 2-2: Foul Ball, location: 2F 2-2: Foul Ball, location: 2F 2-2: Ground out 6-3 (Groundball, 6, EV 106.9 MPH)
|
| Top of the 3rd over - 0 runs, 0 hits, 0 errors, 0 left on base; Washington State University 0 - Oklahoma State University 1 |
| BOTTOM OF THE 3RD |
|
Oklahoma State University Cowboys batting - Pitching for Washington State University Cougars : RHP Evan Carpenter
|
|
Batting: LHB Kyle David
|
0-0: Swinging Strike 0-1: Called Strike 0-2: Strikes out looking
|
|
Batting: RHB Magnus Laursen
|
0-0: Ball 1-0: Called Strike 1-1: Foul Ball, location: 2F 1-2: Ball 2-2: Ball 3-2: Base on Balls
|
|
Pitching: RHP Arthur Scholten
|
|
|
Batting: LHB Cory Rohr
|
0-0: Ball 1-0: Ball 2-0: Swinging Strike 2-1: Foul Ball, location: 2F 2-2: Strikes out swinging
|
|
Batting: RHB Rory Cardosi
|
0-0: Called Strike 0-1: Ball 1-1: Swinging Strike 1-2: Strikes out looking
|
| Bottom of the 3rd over - 0 runs, 0 hits, 0 errors, 1 left on base; Washington State University 0 - Oklahoma State University 1 |
| TOP OF THE 4TH |
|
Washington State University Cougars batting - Pitching for Oklahoma State University Cowboys : LHP Zach Richards
|
|
Batting: LHB Israel Ariza
|
0-0: Called Strike 0-1: Ball 1-1: Swinging Strike 1-2: Ground out 5-3 (Groundball, 5S, EV 83.8 MPH)
|
|
Batting: SHB Juan Delanoval
|
0-0: Called Strike 0-1: Foul Ball, location: 2F 0-2: Strikes out looking
|
|
Batting: RHB Mas Langat
|
0-0: Foul Ball, location: 2F 0-1: Ball 1-1: Ball 2-1: Foul Ball, location: 2F 2-2: Ground out 5-3 (Groundball, 56, EV 100.6 MPH)
|
| Top of the 4th over - 0 runs, 0 hits, 0 errors, 0 left on base; Washington State University 0 - Oklahoma State University 1 |
| BOTTOM OF THE 4TH |
|
Oklahoma State University Cowboys batting - Pitching for Washington State University Cougars : RHP Arthur Scholten
|
|
Pitching: LHP Scott Purcell
|
|
|
Batting: RHB Jose Lopez
|
0-0: SOLO HOME RUN (Flyball, 89XD, EV 100.0 MPH), Distance : 418 ft
|
|
Batting: RHB Frederik Koster
|
0-0: Ball 1-0: Foul Ball, location: 2F 1-1: Swinging Strike 1-2: Ball 2-2: Strikes out swinging
|
|
Batting: RHB Tae-seon Kim
|
0-0: Called Strike 0-1: Ball 1-1: Ball 2-1: Ground out 6-3 (Groundball, 6, EV 105.6 MPH)
|
|
Pinch Hitting: LHB Dwayne Roche
|
0-0: Swinging Strike 0-1: Ball 1-1: Swinging Strike 1-2: Strikes out swinging
|
| Bottom of the 4th over - 1 run, 1 hit, 0 errors, 0 left on base; Washington State University 0 - Oklahoma State University 2 |
| TOP OF THE 5TH |
|
Washington State University Cougars batting - Pitching for Oklahoma State University Cowboys : LHP Zach Richards
|
|
Pitching: RHP Dallas White
|
|
|
Now at C: Hunter Uttley
|
|
|
Now at SS: Julio Marquez
|
|
|
Now in LF: Jose Lopez
|
|
|
Now in CF: Jon Guzman
|
|
|
Now in RF: Dwayne Roche
|
|
|
Batting: LHB Scott Spillers
|
0-0: Called Strike 0-1: Ball 1-1: Foul Ball, location: 2F 1-2: Ball 2-2: Ball 3-2: SINGLE (Flyball, 3D, EV 96.9 MPH)
|
|
Batting: RHB Ryan Toth
|
0-0: Ball 1-0: Sac Bunt to 23 - play at first, batter OUT! 3-4 Scott Spillers to second
|
|
Batting: LHB Rex Creswell
|
0-0: Reached on error, E1 (Groundball, 15S, EV 64.4 MPH) Scott Spillers to third
|
|
Batting: RHB Wambua Ewansiha
|
0-0: Fly out, F8 (Flyball, 8RD, EV 105.0 MPH) Runner from 3rd tags up, SCORES, throw by CF
|
|
Batting: RHB Manny Serrano
|
0-0: SINGLE (Line Drive, 7S, EV 111.2 MPH) Rex Creswell to second
|
|
Pinch Hitting: RHB Ron Essink
|
0-0: Fly out, F8 (Flyball, 8RXD, EV 108.8 MPH)
|
| Top of the 5th over - 1 run, 2 hits, 1 error, 2 left on base; Washington State University 1 - Oklahoma State University 2 |
| BOTTOM OF THE 5TH |
|
Oklahoma State University Cowboys batting - Pitching for Washington State University Cougars : LHP Scott Purcell
|
|
Now at C: Dave DeLaMater
|
|
|
Now at 2B: Ron Essink
|
|
|
Batting: RHB Jon Guzman
|
0-0: Called Strike 0-1: Ball 1-1: Ball 2-1: Called Strike 2-2: Ball 3-2: Base on Balls
|
|
Pinch Hitting: RHB Arabello Demesa
|
0-0: Ball 1-0: Ball 2-0: Fielders Choice at 2nd, 1-4 (Groundball, 15S, EV 54.4 MPH)
|
|
Batting: RHB Magnus Laursen
|
0-0: Called Strike 0-1: Foul Ball, location: 2F 0-2: Ball 1-2: Strikes out looking
|
|
Batting: RHB Bill Tremblett
|
0-0: Ball 1-0: Called Strike 1-1: Called Strike 1-2: Ball 2-2: Ball 3-2: SINGLE (Line Drive, 7S, EV 88.1 MPH) Arabello Demesa to second Arabello Demesa to third
|
|
Pitching: RHP Jose Flores
|
|
|
Batting: RHB Julio Marquez
|
0-0: Called Strike 0-1: Ball 1-1: Ball 2-1: Foul Ball, location: 2F 2-2: Fly out, F8 (Flyball, 8LXD, EV 99.4 MPH)
|
| Bottom of the 5th over - 0 runs, 1 hit, 0 errors, 2 left on base; Washington State University 1 - Oklahoma State University 2 |
| TOP OF THE 6TH |
|
Washington State University Cougars batting - Pitching for Oklahoma State University Cowboys : RHP Dallas White
|
|
Now at 1B: Arabello Demesa
|
|
|
Pinch Hitting: RHB Joe Weber
|
0-0: Ball 1-0: Ball 2-0: Foul Ball, location: 2F 2-1: Ground out 6-3 (Groundball, 6, EV 102.5 MPH)
|
|
Pinch Hitting: RHB Wil Gonzales
|
0-0: Swinging Strike 0-1: Foul Ball, location: 2F 0-2: Ball 1-2: Fly out, F3 (Popup, 3F, EV 78.1 MPH)
|
|
Batting: RHB Mas Langat
|
0-0: DOUBLE (Flyball, 89XD, EV 98.8 MPH)
|
|
Pinch Hitting: LHB David Jackson
|
0-0: Ball 1-0: SINGLE (Line Drive, 56D, EV 95.6 MPH) Mas Langat to third Runner from 3rd tries for Home, SAFE, throw by LF to home
|
|
Pinch Hitting: RHB Miguel Paredes
|
0-0: Called Strike 0-1: Ball 1-1: SINGLE (Groundball, P, EV 80.6 MPH) (infield hit) David Jackson to second
|
|
Pitching: RHP Paul Furst
|
|
|
Pinch Hitting: RHB Ramiro Castillo
|
0-0: Foul Ball, location: 2F 0-1: Swinging Strike 0-2: Foul Ball, location: 2F 0-2: Strikes out looking
|
| Top of the 6th over - 1 run, 3 hits, 0 errors, 2 left on base; Washington State University 2 - Oklahoma State University 2 |
| BOTTOM OF THE 6TH |
|
Oklahoma State University Cowboys batting - Pitching for Washington State University Cougars : RHP Jose Flores
|
|
Now at 1B: Joe Weber
|
|
|
Now at 3B: Wil Gonzales
|
|
|
Now in LF: Miguel Paredes
|
|
|
Now in CF: Ramiro Castillo
|
|
|
Now in RF: David Jackson
|
|
|
Pinch Hitting: LHB Jeff Williams
|
0-0: Foul Ball, location: 2F 0-1: Ball 1-1: Foul Ball, location: 2F 1-2: Foul Ball, location: 2F 1-2: Ball 2-2: Foul Ball, location: 2F 2-2: Foul Ball, location: 2F 2-2: Ball 3-2: Foul Ball, location: 2F 3-2: Reaches on Catchers interference
|
|
Batting: RHB Frederik Koster
|
0-0: Bunted foul 0-1: Sac Bunt to 13S - play at second, runner safe!
|
|
Batting: RHB Hunter Uttley
|
0-0: Called Strike 0-1: Called Strike 0-2: Ball 1-2: Ball 2-2: Foul Ball, location: 2F 2-2: Strikes out looking
|
|
Pitching: RHP Joaquin Adame
|
|
|
Batting: LHB Dwayne Roche
|
0-0: Called Strike 0-1: Ball 1-1: Ball 2-1: Foul Ball, location: 2F 2-2: Ball 3-2: Strikes out swinging
|
|
Batting: RHB Jon Guzman
|
0-0: Foul Ball, location: 2F 0-1: Foul Ball, location: 2F 0-2: Ball 1-2: Foul Ball, location: 2F 1-2: Ball 2-2: Strikes out looking
|
| Bottom of the 6th over - 0 runs, 0 hits, 1 error, 2 left on base; Washington State University 2 - Oklahoma State University 2 |
| TOP OF THE 7TH |
|
Washington State University Cougars batting - Pitching for Oklahoma State University Cowboys : RHP Paul Furst
|
|
Pitching: RHP Rich May
|
|
|
Now in LF: Dwayne Roche
|
|
|
Now in RF: Jeff Williams
|
|
|
Batting: RHB Dave DeLaMater
|
0-0: Called Strike 0-1: Foul Ball, location: 2F 0-2: Ball 1-2: Strikes out swinging
|
|
Batting: RHB Manny Serrano
|
0-0: DOUBLE (Flyball, 78D, EV 98.1 MPH)
|
|
Batting: RHB Ron Essink
|
0-0: Called Strike 0-1: Ball 1-1: Ball 2-1: SINGLE (Groundball, 6, EV 96.2 MPH) Manny Serrano to third Runner from 3rd tries for Home, SAFE, throw by CF to home
|
|
Batting: RHB Joe Weber
|
0-0: Ball 1-0: Foul Ball, location: 2F 1-1: Ball 2-1: Swinging Strike 2-2: Strikes out swinging
|
|
Batting: RHB Wil Gonzales
|
0-0: 2-RUN HOME RUN (Flyball, 89XD, EV 109.4 MPH), Distance : 433 ft
|
|
Pitching: LHP Tony Bustillos
|
|
|
Batting: RHB Mas Langat
|
0-0: Called Strike 0-1: Ball 1-1: DOUBLE (Line Drive, 7LD, EV 106.2 MPH)
|
|
Batting: LHB David Jackson
|
0-0: Ball 1-0: Ball 2-0: Foul Ball, location: 2F 2-1: Foul Ball, location: 2F 2-2: Strikes out swinging, 2-3 out at first.
|
| Top of the 7th over - 3 runs, 4 hits, 0 errors, 1 left on base; Washington State University 5 - Oklahoma State University 2 |
| BOTTOM OF THE 7TH |
|
Oklahoma State University Cowboys batting - Pitching for Washington State University Cougars : RHP Joaquin Adame
|
|
Pitching: LHP Scott Bradley
|
|
|
Batting: RHB Arabello Demesa
|
0-0: Called Strike 0-1: Fly out, F6 (Popup, 6MD, EV 40.0 MPH)
|
|
Batting: RHB Magnus Laursen
|
0-0: Foul Ball, location: 2F 0-1: Ball 1-1: Ball 2-1: Reached on error, E6 (Groundball, 6, EV 86.9 MPH)
|
|
Batting: RHB Bill Tremblett
|
0-0: Ball 1-0: Reached on error, E4 (Groundball, 4, EV 84.4 MPH) Magnus Laursen to second
|
|
Batting: RHB Julio Marquez
|
0-0: Foul Ball, location: 2F 0-1: Swinging Strike 0-2: Ball 1-2: Ball 2-2: SINGLE (Groundball, 56S, EV 61.9 MPH) (infield hit) Magnus Laursen to third Bill Tremblett to second
|
|
Batting: LHB Jeff Williams
|
0-0: Called Strike 0-1: Ball 1-1: Swinging Strike 1-2: Ball 2-2: Ball 3-2: Strikes out swinging
|
|
Pitching: RHP Jim Burbidge
|
|
|
Batting: RHB Frederik Koster
|
0-0: Foul Ball, location: 2F 0-1: Ground out 4-3 (Groundball, 4, EV 91.9 MPH)
|
| Bottom of the 7th over - 0 runs, 1 hit, 2 errors, 3 left on base; Washington State University 5 - Oklahoma State University 2 |
| TOP OF THE 8TH |
|
Washington State University Cougars batting - Pitching for Oklahoma State University Cowboys : LHP Tony Bustillos
|
|
Pitching: RHP Brad Schmidt
|
|
|
Batting: RHB Miguel Paredes
|
0-0: Ball 1-0: Called Strike 1-1: Called Strike 1-2: Ball 2-2: Strikes out swinging
|
|
Batting: RHB Ramiro Castillo
|
0-0: Ball 1-0: Ball 2-0: Foul Ball, location: 2F 2-1: Swinging Strike 2-2: Strikes out swinging
|
|
Batting: RHB Dave DeLaMater
|
0-0: Ball 1-0: Swinging Strike 1-1: Called Strike 1-2: Ball 2-2: Ball 3-2: Base on Balls
|
|
Batting: LHB Mike Ligon
|
0-0: Swinging Strike 0-1: Ball 1-1: Swinging Strike 1-2: Fly out, F7 (Line Drive, 7S, EV 92.5 MPH)
|
| Top of the 8th over - 0 runs, 0 hits, 0 errors, 1 left on base; Washington State University 5 - Oklahoma State University 2 |
| BOTTOM OF THE 8TH |
|
Oklahoma State University Cowboys batting - Pitching for Washington State University Cougars : RHP Jim Burbidge
|
|
Batting: RHB Hunter Uttley
|
0-0: Ball 1-0: Ball 2-0: Swinging Strike 2-1: Ball 3-1: Base on Balls
|
|
Batting: LHB Dwayne Roche
|
0-0: Ball 1-0: Ball 2-0: Called Strike 2-1: Ball 3-1: Foul Ball, location: 2F 3-2: Base on Balls Hunter Uttley to second
|
|
Batting: RHB Jon Guzman
|
0-0: Foul Ball, location: 2F 0-1: Called Strike 0-2: Ball 1-2: Strikes out swinging
|
|
Batting: RHB Arabello Demesa
|
0-0: Ball 1-0: Foul Ball, location: 2F 1-1: Foul Ball, location: 2F 1-2: Strikes out looking
|
|
Pitching: RHP Manuel Santiago
|
|
|
Batting: RHB Magnus Laursen
|
0-0: Foul Ball, location: 2F 0-1: Ball 1-1: Foul Ball, location: 2F 1-2: Strikes out swinging
|
| Bottom of the 8th over - 0 runs, 0 hits, 0 errors, 2 left on base; Washington State University 5 - Oklahoma State University 2 |
| TOP OF THE 9TH |
|
Washington State University Cougars batting - Pitching for Oklahoma State University Cowboys : RHP Brad Schmidt
|
|
Pitching: RHP Santiago Lopez
|
|
|
Pinch Hitting: LHB Jose Aceves
|
0-0: SINGLE (Line Drive, 78S, EV 112.5 MPH)
|
|
Batting: RHB Joe Weber
|
0-0: Foul Ball, location: 2F 0-1: Foul Ball, location: 2F 0-2: Ball 1-2: Ball 2-2: Strikes out swinging
|
|
Batting: RHB Wil Gonzales
|
0-0: Ball 1-0: Called Strike 1-1: Ball 2-1: Swinging Strike 2-2: Ball 3-2: Strikes out swinging
|
|
Batting: RHB Mas Langat
|
0-0: 2-RUN HOME RUN (Flyball, 7LD, EV 96.9 MPH), Distance : 360 ft
|
|
Batting: LHB David Jackson
|
0-0: Called Strike 0-1: Ball 1-1: Swinging Strike 1-2: Strikes out swinging
|
| Top of the 9th over - 2 runs, 2 hits, 0 errors, 0 left on base; Washington State University 7 - Oklahoma State University 2 |
| BOTTOM OF THE 9TH |
|
Oklahoma State University Cowboys batting - Pitching for Washington State University Cougars : RHP Manuel Santiago
|
|
Pitching: RHP Teddy Barber
|
|
|
Now at 2B: Jose Aceves
|
|
|
Batting: RHB Estevan Alvarez
|
0-0: Called Strike 0-1: Foul Ball, location: 2F 0-2: Strikes out looking
|
|
Batting: RHB Julio Marquez
|
0-0: Ground out U3 (Groundball, 34S, EV 84.4 MPH)
|
|
Batting: LHB Jeff Williams
|
0-0: Swinging Strike 0-1: Called Strike 0-2: Foul Ball, location: 2F 0-2: DOUBLE (Flyball, 9LM, EV 103.1 MPH)
|
|
Batting: RHB Frederik Koster
|
0-0: Ball 1-0: Ball 2-0: SINGLE (Groundball, 4MD, EV 103.1 MPH) Jeff Williams to third
|
|
Pinch Hitting: LHB Steve Kimbler
|
0-0: Fielders Choice at 2nd, 5-4 (Groundball, 56, EV 80.0 MPH)
|
| Bottom of the 9th over - 0 runs, 2 hits, 0 errors, 2 left on base; Washington State University 7 - Oklahoma State University 2 |
|